 Dungeon Crawl Stone Soup version 0.30.0-29-ga12c61a403 (webtiles) character file.

Game seed: 6650747597937436602

5791 jurchenman the Thaumaturge (level 10, -1/50 HPs)
             Began as a Deep Elf Fire Elementalist on June 12, 2023.
             Was a Believer of Vehumet.
             Engulfed by a cloud of flame (15 damage)
             ... on level 8 of the Dungeon.
             The game lasted 00:39:25 (8482 turns).

jurchenman the Thaumaturge (DEFE)                   Turns: 8482, Time: 00:39:25

Health: -1/50      AC:  4    Str:  5    XL:     10   Next: 50%
Magic:  20/26      EV: 19    Int: 28    God:    Vehumet [**....]
Gold:   374        SH:  0    Dex: 25    Spells: 17/29 levels left

rFire   . . .        t - +3 dagger (venom)
rCold   + . .        (no shield)
rNeg    . . .        a - +1 robe
rPois   +            (no helmet)
rElec   +            (no cloak)
rCorr   .            (no gloves)
SInv    .            r - +0 pair of boots of Daisies {Rampage rC+ Dex+2}
Will    ++...        o - amulet of the acrobat
Stlth   +++          q - ring of Generosity {*Corrode rElec rPois Int+3 Dex+8}
HPRegen 0.28/turn    n - ring of willpower
MPRegen 0.20/turn

%: corrode self (3%), acrobat, rampage
@: studying Throwing
A: no striking features
a: Renounce Religion


You were on level 8 of the Dungeon.
You worshipped Vehumet.
Vehumet was pleased with you.
You visited 2 branches of the dungeon, and saw 9 of its levels.

You collected 374 gold pieces.

Inventory:

Hand Weapons
 e - a +0 dagger
 t - a +3 dagger of venom (weapon)
Missiles
 f - 27 stones
 G - a throwing net
Armour
 a - a +1 robe (worn)
 c - the +1 ring mail "Kaos" {rElec Str+3}
   (You found it on level 2 of the Dungeon)

   Str:       It affects your strength (+3).
   rElec:     It insulates you from electricity.
 r - the +0 pair of boots of Daisies (worn) {Rampage rC+ Dex+2}
   (You acquired it on level 4 of the Dungeon)

   Dex:       It affects your dexterity (+2).
   rC:        It protects you from cold.
   Rampage:   It bestows one free step when moving towards enemies.
Jewellery
 j - a +6 ring of intelligence
 n - a ring of willpower (right hand)
 o - an amulet of the acrobat (around neck)
 q - the ring of Generosity (left hand) {*Corrode rElec rPois Int+3 Dex+8}
   (You acquired it on level 4 of the Dungeon)

   [ring of poison resistance]

   Int:       It affects your intelligence (+3).
   Dex:       It affects your dexterity (+8).
   rElec:     It insulates you from electricity.
   rPois:     It protects you from poison.
   *Corrode:  It may corrode you when you take damage.
 w - a ring of poison resistance
 y - a +6 ring of intelligence
 z - an amulet of faith
Wands
 l - a wand of polymorph (4)
 u - a wand of flame (11)
 x - a wand of iceblast (7)
Scrolls
 h - 3 scrolls of teleportation
 B - a scroll of enchant armour
Potions
 b - a potion of magic
 d - 3 potions of might
 g - 2 potions of lignification {unknown}
 k - a potion of haste {unknown}
 m - 3 potions of curing {unknown}
 p - a potion of brilliance {unknown}
 v - a potion of mutation {unknown}
 A - a potion of ambrosia {unknown}
 C - a potion of cancellation {unknown}


   Skills:
 - Level 8.0 Dodging
 - Level 2.4 Stealth
 + Level 10.1 Spellcasting
 + Level 8.2 Conjurations
 - Level 4.0 Hexes
 - Level 4.5 Translocations
 - Level 7.7 Fire Magic
 + Level 3.5 Air Magic
 + Level 3.8 Poison Magic


You had 17 spell levels left.
You knew the following spells:

 Your Spells              Type           Power      Damage    Failure   Level
a - Foxfire               Conj/Fire      100%       2x1d9     1%          1
b - Scorch                Fire           100%       2d9       1%          2
c - Magic Dart            Conj           100%       1d8       1%          1
d - Inner Flame           Hex/Fire       47%        N/A       1%          3
e - Blink                 Tloc           78%        N/A       1%          2
f - Mephitic Cloud        Conj/Pois/Air  43%        N/A       1%          3

Your spell library contained the following spells:

 Spells                   Type           Power      Damage    Failure   Level
 Shock                    Conj/Air       100%       1d9       1%          1
 Lesser Beckoning         Tloc           78%        N/A       1%          2
 Momentum Strike          Conj/Tloc      100%       3d10      1%          2
 Poisonous Vapours        Pois/Air       68%        N/A       1%          2
 Volatile Blastmotes      Fire/Tloc      96%        2d18      1%          3
 Flame Wave               Conj/Fire      56%        2d13      1%          4
 Cigotuvi's Dreadful Rot  Necr/Pois/Air  56%        N/A       2%          2
 Ignite Poison            Fire/Tmut/Pois 36%        N/A       2%          3
 Call Imp                 Summ           28%        N/A       6%          2
 Leda's Liquefaction      Hex/Erth       12%        N/A       17%         4
 Freezing Cloud           Conj/Ice/Air   18%        6-21      22%         5
 Petrify                  Tmut/Erth      14%        N/A       36%         4
 Metabolic Englaciation   Hex/Ice        12%        N/A       43%         5
 Lee's Rapid Deconstruct  Erth           7%         3d6*      73%         5
 Statue Form              Tmut/Erth      9%         N/A       99%         6


Dungeon Overview and Level Annotations

Branches:
Dungeon (8/15)             Temple (1/1) D:5
   Lair: D:8-11

Altars:
Ashenzari
Cheibriados
Elyvilon
Fedhas
Hepliaklqana
Kikubaaqudgha
Makhleb
Nemelex Xobeh
Okawaru
Qazlal
Ru
Sif Muna
Trog
Vehumet
Wu Jian
Xom
Yredelemnul
Zin
The Shining One

Annotations:
D:8 Prince Ribbit


Message History

Confirm with . or Enter, or press ? or * to list all spells.
You conjure some foxfire!
The foxfire hits Grum.
Grum is moderately wounded.
The foxfire hits Grum.
Grum is moderately wounded.
Casting: Foxfire (safe; 1% risk of failure)
Confirm with . or Enter, or press ? or * to list all spells.
Aiming: Inner Flame (safe; 1% risk of failure)
Press: ? - help, Dir - move target, f - wolf
Aim: a wolf (chance to affect: 92%)
The wolf is filled with an inner flame.
The foxfire hits the wolf.
Flame seeps out of the wolf.
The wolf is lightly wounded.
The foxfire hits the wolf!
Flame seeps out of the wolf.
The wolf is heavily wounded.
Casting: Inner Flame (safe; 1% risk of failure)
Confirm with . or Enter, or press ? or * to list all spells.
Aiming: Magic Dart (safe; 1% risk of failure)
Press: ? - help, Shift-Dir - straight line, f/p - wolf
Aim: a wolf (flame, heavily wounded, inner flame, 100% to hit)
The magic dart hits the wolf but does no damage.
The wolf is heavily wounded.
The wolf is engulfed in blazing flames.
Flame seeps out of the wolf.
Casting: Magic Dart (safe; 1% risk of failure)
Confirm with . or Enter, or press ? or * to list all spells.
Aiming: Magic Dart (safe; 1% risk of failure)
Press: ? - help, Shift-Dir - straight line, f/p - wolf
Aim: a wolf (severely wounded, inner flame, 100% to hit)
The magic dart hits the wolf!
Vehumet accepts your kill.
You feel your power returning.
The wolf explodes!
The fiery explosion engulfs you!!!
Ouch! That really hurt!
* * * LOW HITPOINT WARNING * * *
The fiery explosion engulfs Grum!!!
You kill Grum!
Vehumet accepts your kill.
You are engulfed in blazing flames.
You die...

########## .........# .........#
...... #...[...~....# ......
#............##...... ... #
#............##..... ..Y #
#..........[.....(. .... ###
##..........@§§..# .... ..#
#..#...#####§.§..# #######...
..###.#....#####§§§..###..^8 ..
...............#...°.##..########
...............'.....'<..........
#..####...##..##.....##.....#####
#..#.##+####..#######....#..#....
#...#.........##........Zh..#.##.
#..#......##.....#####.#g#..#.##.


There were no monsters in sight!

Vanquished Creatures
  Joseph (D:8)
  Sigmund (D:4)
  11 yaks
  Grum (D:8)
  A vampire mosquito (D:7)
  Edmund (D:5)
  2 water moccasins
  An acid dragon (D:8)
  An ice beast (D:7)
  Duvessa (D:6)
  2 orc warriors (D:6)
  2 sky beasts (D:7)
  2 ogres
  3 black bears
  3 wolves (D:8)
  A centaur (D:7)
  3 phantoms (D:5)
  2 kobold brigands (D:6)
  A gnoll sergeant (D:8)
  7 bullfrogs
  5 scorpions
  A wight (D:8)
  Dowan (D:6)
  3 howler monkeys
  A crimson imp (D:8)
  3 jellies
  2 hounds
  A gnoll bouda (D:8)
  A sleepcap (D:4)
  3 iguanas
  3 orc wizards (D:6)
  5 adders
  A shadow imp (D:5)
  3 white imps
  3 worms
  2 dart slugs
  15 orcs
  5 bats
  5 endoplasms
  2 giant cockroaches
  6 goblins
  9 hobgoblins
  4 jackals (D:5)
  3 quokkas
  5 ball pythons
  2 frilled lizards (D:3)
  2 goblin skeletons (D:8)
  A goblin zombie (D:8)
  A hobgoblin zombie (D:8)
  15 kobolds
  A kobold skeleton (D:8)
  A kobold zombie (D:8)
  An orc skeleton (D:8)
  An orc zombie (D:8)
  7 rats
171 creatures vanquished.

Vanquished Creatures (others)
  334 foxfires
334 creatures vanquished.

Grand Total: 505 creatures vanquished

Notes
Turn   | Place    | Note
-------+----------+-------------------------------------------
     0 | D:1      | jurchenman the Deep Elf Fire Elementalist began the quest
                  | for the Orb.
     0 | D:1      | Reached XP level 1. HP: 10/10 MP: 6/6
   187 | D:1      | Reached XP level 2. HP: 15/15 MP: 1/8
   250 | D:1      | Learned a level 2 spell: Scorch
   325 | D:1      | Learned a level 1 spell: Magic Dart
  1077 | D:2      | Reached XP level 3. HP: 15/19 MP: 0/10
  1272 | D:2      | Identified the +1 ring mail "Kaos" {rElec Str+3}
  1533 | D:2      | Reached skill level 4 in Spellcasting
  1843 | D:3      | Learned a level 3 spell: Inner Flame
  2261 | D:3      | Reached XP level 4. HP: 24/24 MP: 8/12
  2635 | D:4      | Noticed a scorpion
  2784 | D:4      | Killed a scorpion
  2785 | D:4      | Reached skill level 1 in Hexes
  2785 | D:4      | Reached XP level 5. HP: 28/28 MP: 2/13
  2984 | D:4      | Noticed Sigmund
  2987 | D:4      | Killed Sigmund
  2988 | D:4      | Reached skill level 5 in Spellcasting
  2988 | D:4      | Reached XP level 6. HP: 32/32 MP: 10/15
  3192 | D:4      | Reached skill level 5 in Fire Magic
  3287 | D:4      | Noticed a sky beast
  3520 | D:4      | Identified 2 scrolls of acquirement
  3520 | D:4      | Acquired the +0 pair of boots of Daisies {Rampage rC+
                  | Dex+2}
  3526 | D:4      | Acquired the ring of Generosity {*Corrode rElec rPois Int+3
                  | Dex+8}
  3587 | D:5      | Entered Level 5 of the Dungeon
  3587 | D:5      | Noticed Edmund
  3594 | D:5      | Killed Edmund
  3595 | D:5      | Reached XP level 7. HP: 11/36 MP: 3/17
  3853 | D:5      | Reached skill level 6 in Spellcasting
  4283 | D:5      | Reached skill level 5 in Conjurations
  4445 | D:5      | Found a staircase to the Ecumenical Temple.
  4460 | Temple   | Entered the Ecumenical Temple
  4473 | Temple   | Became a worshipper of Vehumet
  4546 | D:5      | Learned a level 2 spell: Blink
  4827 | D:6      | Noticed Duvessa
  4827 | D:6      | Noticed Dowan
  4893 | D:6      | Reached XP level 8. HP: 41/41 MP: 16/20
  4931 | D:6      | Reached skill level 7 in Spellcasting
  4931 | D:6      | Reached skill level 1 in Translocations
  5052 | D:6      | Killed Duvessa
  5259 | D:6      | Killed Dowan
  5503 | D:6      | Reached skill level 5 in Dodging
  5842 | D:6      | Reached skill level 8 in Spellcasting
  5856 | D:6      | Reached * piety under Vehumet
  5856 | D:6      | Offered knowledge of Kiss of Death by Vehumet.
  5857 | D:6      | Reached XP level 9. HP: 45/45 MP: 8/23
  6816 | D:7      | Learned a level 3 spell: Mephitic Cloud
  6912 | D:7      | Reached skill level 9 in Spellcasting
  6957 | D:7      | Reached skill level 1 in Poison Magic
  7231 | D:7      | Reached skill level 1 in Air Magic
  7319 | D:7      | Reached XP level 10. HP: 50/50 MP: 6/25
  7714 | D:8      | Offered knowledge of Shock by Vehumet.
  7752 | D:8      | Noticed a two-headed ogre
  7760 | D:8      | Noticed Prince Ribbit
  7853 | D:8      | Reached ** piety under Vehumet
  7992 | D:8      | Noticed Grum
  8173 | D:8      | Noticed Joseph
  8181 | D:8      | Killed Joseph
  8281 | D:8      | Found a glowing golden altar of the Shining One.
  8311 | D:8      | Found a sand-covered staircase.
  8334 | D:8      | Reached skill level 10 in Spellcasting
  8482 | D:8      | Killed Grum
  8482 | D:8      | Engulfed by a cloud of flame

Illustrated notes

Levels and vault maps discovered:
D:1:      ncdulo_smallfort, layout_basic, minmay_tetromino_s4
D:2:      layout_loops_ring, grunt_ministairs_15
D:3:      layout_basic, wander_ebering_terrifying_dragon_lair
D:4:      layout_gridville, dreamdust_mushroom_princess, grunt_decor_junction,
          minivault_19, hangedman_decor_riveting, lightli_corner_chamber,
          uniq_sigmund
D:5:      layout_loops_cross, minmay_temple_entry_offerings,
          chequers_serial_rivers_micro_d, uniq_edmund
D:6:      cheibrodos_thug_alley, layout_cave_pools, minmay_statues_item,
          moated_statue, uniq_duvessa
D:7:      layout_gridville, hangedman_decor_peaks_small, serial_park_tiny_1,
          minmay_manual_moon
D:8:      minmay_recursive_quarters, layout_basic, nicolae_tso_besieged_by_evil,
          lair_entry_dummy, nicolae_ossuary_entry_plus,
          ebering_dispersal_statue_hall, uniq_joseph, uniq_grum,
          uniq_prince_ribbit1
Temple:   dpeg_three_leaves_temple

Skill      XL: |  1  2  3  4  5  6  7  8  9 10 |
---------------+-------------------------------+-----
Conjurations   | 2 3 4 5 6 7 8 |  8.2
Spellcasting   | 4 5 6 8 9 10 | 10.1
Fire Magic     | 4 5 6 7 |  7.7
Hexes          | 1 3 4 |  4.0
Dodging        | 3 5 7 8 |  8.0
Translocations | 3 4 |  4.5
Poison Magic   | 2 3 |  3.8
Air Magic      | 2 3 |  3.5
Stealth        | |  2.4

Action                     |  1- 3 |  4- 6 |  7- 9 | 10-12 || total
---------------------------+-------+-------+-------+-------++-------
  Melee: Dagger            |    21 |     6 |    11 |     6 ||    44
         Punch             |       |       |     1 |       ||     1
   Cast: Foxfire           |    31 |    27 |   100 |    34 ||   192
         Magic Dart        |    31 |     9 |    44 |    17 ||   101
         Scorch            |     9 |    12 |    63 |    48 ||   132
         Inner Flame       |       |       |     6 |     1 ||     7
         Blink             |       |       |     1 |       ||     1
         Mephitic Cloud    |       |       |       |     1 ||     1
    Use: Scroll            |     3 |     7 |     1 |     6 ||    17
         Potion            |       |       |       |     2 ||     2
   Stab: Sleeping          |     3 |     1 |     3 |       ||     7
 Armour: Robe              |     8 |       |     4 |     4 ||    16
  Dodge: Dodged            |    17 |    16 |    22 |    62 ||   117
